 Dungeon Crawl Stone Soup version 0.30-a0-639-g3916f1956a (webtiles) character file.

Game seed: 7998376677190738822

245 Mitcholas the Shooter (level 5, -3/31 HPs)
             Began as a Deep Elf Hunter on Jan 16, 2023.
             Slain by a gnoll
             ... wielding a +0 flail
              (6 damage)
             ... on level 4 of the Dungeon.
             The game lasted 00:06:18 (2674 turns).

Mitcholas the Shooter (Deep Elf Hunter)             Turns: 2674, Time: 00:06:18

Health: -3/31      AC:  4    Str:  8    XL:     5   Next: 83%
Magic:  7/7        EV: 13    Int: 14    God:
Gold:   179        SH:  0    Dex: 20    Spells: 4/4 levels left

rFire   . . .      SeeInvis .    a - +0 shortbow
rCold   . . .      Faith    .    (shield currently unavailable)
rNeg    . . .      Spirit   .    c - +1 leather armour
rPois   .          Reflect  .    (no helmet)
rElec   .          Harm     .    (no cloak)
rCorr   .          Rampage  .    (no gloves)
Will    .....                    (no boots)
Stlth   +++                      (no amulet)
HPRegen 0.25/turn                (no ring)
MPRegen 0.10/turn                (no ring)

@: no status effects
A: no striking features
a: no special abilities


You were on level 4 of the Dungeon.
You visited 1 branch of the dungeon, and saw 4 of its levels.
You also visited: Sewer.

You collected 179 gold pieces.

Inventory:

Hand Weapons
 a - a +0 shortbow (weapon)
Armour
 c - a +1 leather armour (worn)
Jewellery
 g - a +6 ring of intelligence
 m - an amulet of magic regeneration
 p - an amulet of reflection
Scrolls
 b - a scroll of immolation
 e - 3 scrolls of identify {unknown}
 k - a scroll of amnesia {unknown}
 l - a scroll of enchant weapon {unknown}
Potions
 d - 3 potions of heal wounds {unknown}
 f - a potion of resistance {unknown}
 i - a potion of berserk rage {unknown}
 n - a potion of flight {unknown}
 o - a potion of degeneration {unknown}


   Skills:
 + Level 2.6 Fighting
 * Level 7.2 Ranged Weapons
 + Level 4.0 Dodging
 + Level 3.4 Stealth


You had 4 spell levels left.
You didn't know any spells.
Your spell library contained the following spells:

 Spells                   Type           Power      Damage    Failure   Level
 Lesser Beckoning         Tloc           0%         N/A       54%         2
 Gell's Gravitas          Tloc           0%         N/A       77%         3
 Teleport Other           Tloc           0%         N/A       77%         3
 Malign Gateway           Summ/Tloc      0%         N/A       100%        7
 Summon Horrible Things   Summ           0%         N/A       100%        8


Dungeon Overview and Level Annotations

Branches:
Dungeon (4/15)              Sewer (visited)
 Temple: D:4-7

Altars:

Shops:
D:2 *

Annotations:
D:2 Sigmund
D:4 2 runed translucent doors


Message History

The gnoll hits you with a +0 whip.
A gnoll comes into view. It is wielding a +0 spear.
You shoot an arrow. The arrow closely misses the gnoll. x2
The arrow hits the gnoll!
The gnoll is heavily wounded.
The gnoll hits you with a +0 flail.
You shoot an arrow. The arrow completely misses the gnoll.
The arrow hits the gnoll.
The gnoll is lightly wounded.
The gnoll hits you with a +0 flail.
You are too injured to fight recklessly!
You are too injured to fight recklessly!
You are too injured to fight recklessly!
You are too injured to fight recklessly!
You are too injured to fight recklessly!
You are too injured to fight recklessly!
As you read the scroll labelled DAUP MEWUO, it crumbles to dust.
It is a scroll of enchant armour.
Your +0 leather armour glows green for a moment.
The gnoll completely misses you.
The air fills with toxic fumes!
As you read the scroll labelled FOSOATZ KOEVU, it crumbles to dust.
It was a scroll of poison.
The gnoll hits you with a +0 flail.
As you read the scroll labelled JUKLUUC ODYRCH, it crumbles to dust.
The scroll dissolves into smoke.
It was a scroll of fog.
The gnoll misses you.
Fire: a) +0 shortbow
Press: ? - help, Q - select action Shift-Dir - straight line, f/p - gnoll
Aim: a gnoll, wielding a +0 flail (blue smoke, 69% to hit)
You shoot an arrow. The arrow hits the gnoll.
The gnoll is heavily wounded.
The gnoll hits you with a +0 flail!
* * * LOW HITPOINT WARNING * * *
Fire: a) +0 shortbow
Press: ? - help, Q - select action Shift-Dir - straight line, f/p - gnoll
Aim: a gnoll, wielding a +0 flail (blue smoke, heavily wounded, 69% to hit)
You shoot an arrow.
The arrow hits the gnoll but does no damage.
The gnoll is heavily wounded.
The gnoll closely misses you. The gnoll hits you with a +0 flail.
You die...

###############
#g.gg@§§§§§§§.#
#g###########.#####
#.# #######.#...
.g. ........#.#####
....
...............
###...
8####8...#.####
.... +....+...#.#
#.... 8#..#8...#.#
#++####...#


You could see 2 gnolls.

Vanquished Creatures
  A bullfrog (Sewer)
  4 gnolls (D:3)
  5 adders
  4 worms
  2 dart slugs
  11 ball pythons
  4 endoplasms
  15 giant cockroaches
  5 goblins
  5 hobgoblins
  3 jackals (D:1)
  5 kobolds
  4 quokkas
  4 bats
  10 frilled lizards
  3 rats (D:1)
  A spectral kobold (D:1)
86 creatures vanquished.

Vanquished Creatures (others)
  5 plants (D:3)
5 creatures vanquished.

Grand Total: 91 creatures vanquished

Notes
Turn   | Place    | Note
-------+----------+-------------------------------------------
     0 | D:1      | Mitcholas the Deep Elf Hunter began the quest for the Orb.
     0 | D:1      | Reached XP level 1. HP: 12/12 MP: 3/3
   113 | D:1      | Reached XP level 2. HP: 17/17 MP: 4/4
   196 | D:1      | Found a faded altar of an unknown god.
   377 | D:1      | Reached XP level 3. HP: 21/21 MP: 5/5
   778 | D:2      | Reached skill level 6 in Ranged Weapons
   870 | D:2      | Noticed Sigmund
   978 | D:2      | Found Padot's Assorted Antiques.
  1118 | D:2      | Reached XP level 4. HP: 11/26 MP: 6/6
  1254 | D:2      | You fall into a shaft and drop 2 floors!
  1427 | D:3      | Found a glowing drain.
  1428 | D:3      | Identified the +0 plate armour "Xaejocim" {-Tele +Inv rElec
                  | Str+4}
  1550 | Sewer    | Entered a sewer
  1552 | Sewer    | Reached XP level 5. HP: 31/31 MP: 7/7
  1760 | Sewer    | Reached skill level 7 in Ranged Weapons
  2641 | D:4      | Found a large runed translucent door.
  2642 | D:4      | Found a large runed translucent door.
  2674 | D:4      | Slain by a gnoll

Illustrated notes

Levels and vault maps discovered:
D:1:      dpeg_arrival_erosion, layout_loops_cross,
          dreamdust_ecumenical_altar_drowned_temple
D:2:      layout_basic, serial_shops, shop, minmay_door_square,
          minmay_strange_pillars, minmay_pentomino_u4, uniq_sigmund
D:3:      wad_woods_pond, layout_basic, cheibrodos_sewer_entry_drain
D:4:      minmay_opposing_rooms, layout_loops_ring, jmf_multi_god_temple2,
          minmay_temple_entry_drinking_statues

Skill      XL: |  1  2  3  4  5 |
---------------+----------------+-----
Stealth        | 2 3 |  3.4
Fighting       | 2 |  2.6
Ranged Weapons | 6 7 |  7.2
Dodging        | 3 4 |  4.0

Action                   |  1- 3 |  4- 6 || total
-------------------------+-------+-------++-------
 Fire: Shortbow          |   109 |   138 ||   247
  Use: Scroll            |       |     3 ||     3
Armor: Leather armour    |    15 |    12 ||    27
Dodge: Dodged            |    36 |    37 ||    73

Table legend: (Time is in decaauts)
 A = Elapsed time spent in this place.
 B = Non-inter-level travel time spent in this place.
 C = Inter-level travel time spent in this place.
 D = Time resting spent in this place.
 E = Time spent auto-exploring this place.
 F = Levels seen in this place.
 G = Mean time per level.
                   A        B        C        D        E       F      G
               +--------+--------+--------+--------+--------+-----+--------+
         Total |   2828 |   2760 |     68 |    196 |   1979 |   5 |  565.6 |
       Dungeon |   2251 |   2183 |     68 |    196 |   1521 |   4 |  562.8 |
         Sewer |    577 |    577 |      0 |      0 |    457 |   1 |  577.0 |
               +--------+--------+--------+--------+--------+-----+--------+

Top non-repeatable levels by time:
     D:3: 890 daAuts
     D:1: 744 daAuts
   Sewer: 577 daAuts
     D:2: 543 daAuts
     D:4: 72 daAuts
